 Seeded DCSS version 0.30.0-19-g36f170ea60 (webtiles) character file.

Game seed: 1882581695637917331 (custom seed)

75 RascalDebosk the Magician (level 4, 0/33 HPs)
             Began as a Djinni Warper on June 1, 2023.
             Slain by Ijyb
             ... wielding a +0 dagger
              (3 damage)
             ... on level 3 of the Dungeon.
             The game lasted 00:20:58 (2280 turns).

RascalDebosk the Magician (Djinni Warper)           Turns: 2280, Time: 00:20:58

Health: 0/33       AC:  6    Str: 10    XL:     4   Next: 55%
Gold:   131        EV: 11    Int: 16    God:
                   SH:  0    Dex: 13

rFire   + + .        a - +0 falchion
rCold   x . .        (no shield)
rNeg    . . .        b - +0 leather armour
rPois   ∞            (no helmet)
rElec   .            (no cloak)
rCorr   .            p - +2 pair of gloves
SInv    .            (boots unavailable)
Will    .....        (no amulet)
Stlth   +            (no ring)
HPRegen 0.25/turn    (no ring)
MPRegen 0.00/turn

%: infuse magic (-1 HP)
@: flying
A: sickness immunity, fire resistance 2, cold vulnerability 1, float, innate
caster, HP casting, extra vitality 1
a: no special abilities


You were on level 3 of the Dungeon.
You visited 1 branch of the dungeon, and saw 3 of its levels.

You collected 131 gold pieces.

Inventory:

Hand Weapons
 a - a +0 falchion (weapon)
Missiles
 d - 7 boomerangs of dispersal (quivered)
 m - 5 boomerangs
Armour
 b - a +0 leather armour (worn)
 p - a +2 pair of gloves (worn)
 r - a +0 kite shield
Scrolls
 e - 6 scrolls of identify {unknown}
 f - 3 scrolls of amnesia {unknown}
 g - 3 scrolls of blinking
 h - a scroll of poison {unknown}
 j - a scroll of silence {unknown}
 l - a scroll of magic mapping {unknown}
 o - 2 scrolls of enchant weapon {unknown}
Potions
 c - 2 potions of ambrosia {unknown}
 i - a potion of cancellation {unknown}
 k - a potion of curing {unknown}
 n - a potion of degeneration {unknown}
 q - a potion of invisibility {unknown}
 s - a potion of haste {unknown}


   Skills:
 - Level 2.0 Fighting
 - Level 1.7 Long Blades
 - Level 0.7 Throwing
 - Level 1.0 Armour
 - Level 2.1 Dodging
 * Level 3.9 Spellcasting


You knew the following spells:

 Your Spells              Type           Power      Damage    Failure   Level
a - Blink                 Tloc           30%        N/A       7%          2
b - Lesser Beckoning      Tloc           30%        N/A       7%          2
c - Vhi's Electric Charg  Tloc/Air       30%        N/A       14%         3
d - Teleport Other        Tloc           15%        N/A       14%         3
e - Manifold Assault      Tloc           15%        N/A       41%         4
f - Summon Small Mammal   Summ           60%        N/A       4%          1
Your spell library was empty.

Dungeon Overview and Level Annotations

Branches:
Dungeon (3/15)

Altars:
Wu Jian

Annotations:
D:3 Ijyb


Innate Abilities, Weirdness & Mutations

You are immune to sickness and miasma.
You are immune to poison.
Your flesh is very heat resistant. (rF++)
You are vulnerable to cold. (rC-)
You float through the air rather than walking.
You learn spells naturally, not from books.
Your magical power is your life essence.
You have superior vitality. (+4 MHP)


Message History

Ijyb is lightly wounded.
Ijyb closely misses you.
You closely miss Ijyb.
Ijyb is lightly wounded.
Ijyb hits you with a +0 dagger.
You hit Ijyb but do no damage. You punch Ijyb, but do no damage.
Ijyb is lightly wounded.
Ijyb misses you.
You closely miss Ijyb.
Ijyb is lightly wounded.
Ijyb barely misses you.
Your rat bites Ijyb but does no damage.
Ijyb hits your rat with a +0 dagger.
Your rat dies!
Your rat's corpse disappears in a puff of smoke!
Ijyb shouts!
You hit Ijyb but do no damage.
Ijyb is lightly wounded.
Ijyb hits you with a +0 dagger.
You hit Ijyb.
Ijyb is lightly wounded.
Ijyb screams, "I cut your head off!" Ijyb hits you with a +0 dagger.
You closely miss Ijyb.
Ijyb is lightly wounded.
Ijyb hits you but does no damage.
You closely miss Ijyb.
Ijyb is lightly wounded.
Ijyb hits you but does no damage.
You hit Ijyb but do no damage.
Ijyb is lightly wounded.
Ijyb closely misses you. Ijyb hits you with a +0 dagger.
You hit Ijyb but do no damage.
Ijyb is lightly wounded.
Ijyb hits you but does no damage.
You hit Ijyb but do no damage.
Ijyb is lightly wounded.
Ijyb hits you with a +0 dagger.
You completely miss Ijyb.
Ijyb is lightly wounded.
Ijyb screams, "Die!"
Ijyb barely misses you.
You hit Ijyb.
Ijyb is moderately wounded.
Your bat disappears in a puff of smoke!
Ijyb hits you but does no damage.
You barely miss Ijyb.
Ijyb is moderately wounded.
Ijyb hits you but does no damage.
The jackal stops to sniff the ground.
Ijyb hits you with a +0 dagger.
You completely miss Ijyb.
Ijyb is moderately wounded.
Ijyb hits you with a +0 dagger.
* * * LOW HITPOINT WARNING * * *
You closely miss Ijyb.
Ijyb is moderately wounded.
Ijyb closely misses you.
You closely miss Ijyb.
Ijyb is moderately wounded.
Ijyb hits you but does no damage.
You hit Ijyb but do no damage.
Ijyb is moderately wounded.
Ijyb barely misses you. Ijyb hits you but does no damage.
You hit Ijyb but do no damage.
Ijyb is moderately wounded.
Ijyb hits you but does no damage.
You closely miss Ijyb.
Ijyb is moderately wounded.
Ijyb hits you with a +0 dagger.
* * * LOW HITPOINT WARNING * * *
You hit Ijyb but do no damage.
Ijyb is moderately wounded.
Ijyb hits you but does no damage.
You barely miss Ijyb.
Ijyb is moderately wounded.
Ijyb hits you with a +0 dagger.
* * * LOW HITPOINT WARNING * * *
Casting: Vhi's Electric Charge (quite dangerous; 14% risk of failure)
Confirm with . or Enter, or press ? or * to list all spells.
The spell is quite dangerous to miscast (14% risk of failure)!
Continue anyway?
Aiming: Teleport Other (quite dangerous; 14% risk of failure)
Press: ? - help, Shift-Dir - straight line, f/p - Ijyb
Aim: Ijyb, wielding a +0 dagger, wearing a +0 scale mail and carrying a wand of iceblast (8) (moderately wounded, chance to affect: 63%) Ijyb resists with significant effort.
* * * LOW HITPOINT WARNING * * *
Ijyb barely misses you.
Casting: Teleport Other (quite dangerous; 14% risk of failure)
Confirm with . or Enter, or press ? or * to list all spells.
The spell is quite dangerous to miscast (14% risk of failure)!
Continue anyway?
Aiming: Teleport Other (quite dangerous; 14% risk of failure)
Press: ? - help, Shift-Dir - straight line, f/p - Ijyb
Aim: Ijyb, wielding a +0 dagger, wearing a +0 scale mail and carrying a wand of iceblast (8) (moderately wounded, chance to affect: 63%) Ijyb resists with significant effort.
* * * LOW HITPOINT WARNING * * *
Ijyb hits you with a +0 dagger.
* * * LOW HITPOINT WARNING * * *
You closely miss Ijyb.
Ijyb is moderately wounded.
Ijyb closely misses you. Ijyb hits you with a +0 dagger.
You die...

## ### ### #. ..# .?# #.
###.# ###.## #.# ##.#.#
....#####.####.#..#
.............###.#
#######..#####..###.#..#
....hhg..# #..# ##....
####@.### #..# ###.#
#.......# #..# #.#
?....##..#.# #.†# #.#
..#####..#.###..######..
#...................#
#.##...<.....####.##.
##.#.####.# #....
####.#.# #.# #.... ###
....#.# #.# #....


You could see Ijyb and 2 jackals.

Vanquished Creatures
  3 adders
  2 dart slugs
  An orc (D:3)
  4 bats
  5 endoplasms
  3 goblins
  7 hobgoblins
  2 quokkas
  A ball python (D:2)
  2 frilled lizards (D:2)
  5 kobolds
  6 rats
41 creatures vanquished.

Notes
Turn   | Place    | Note
-------+----------+-------------------------------------------
     0 | D:1      | RascalDebosk the Djinni Warper began the quest for the Orb.
     0 | D:1      | RascalDebosk set off with the following spells memorised:
                  | Blink, Lesser Beckoning, Vhi's Electric Charge, Teleport
                  | Other, Manifold Assault.
     0 | D:1      | Reached XP level 1. HP: 18/18 MP: 0/0
   306 | D:1      | You are sucked into a shaft and drop 1 floor!
   388 | D:2      | Reached XP level 2. HP: 14/23 MP: 0/0
   479 | D:1      | Reached skill level 3 in Spellcasting
   989 | D:2      | Reached XP level 3. HP: 28/28 MP: 0/0
   989 | D:2      | Learned a level 1 spell: Summon Small Mammal
  1293 | D:2      | Reached XP level 4. HP: 30/33 MP: 0/0
  1983 | D:3      | Noticed Ijyb
  2168 | D:3      | Found an ornate altar of the Wu Jian Council.
  2280 | D:3      | Slain by Ijyb

Illustrated notes

Levels and vault maps discovered:
D:1:      dpeg_arrival_erosion, layout_basic
D:2:      layout_basic, minmay_tripent
D:3:      layout_loops_ring, nicolae_wu_jian_wuxing_cycle, serial_bayou_pond_d,
          uniq_ijyb, uniq_terence

Skill      XL: |  1  2 |
---------------+-------+-----
Spellcasting   | 3 |  3.9
Fighting       | |  2.0
Long Blades    | |  1.7
Throwing       | |  0.7
Armour         | |  1.0
Dodging        | |  2.1

Action                     |  1- 3 |  4- 6 || total
---------------------------+-------+-------++-------
  Melee: Falchion          |    88 |    82 ||   170
         Punch             |     1 |     1 ||     2
   Cast: Summon Small Mamm |       |     5 ||     5
         Vhi's Electric Ch |       |     4 ||     4
         Teleport Other    |       |     3 ||     3
         Blink             |       |     1 ||     1
         Manifold Assault  |       |     1 ||     1
   Stab: Sleeping          |       |     1 ||     1
 Armour: Leather armour    |    28 |    42 ||    70
  Dodge: Dodged            |    67 |    49 ||   116
